AoeStats
← tavoo

Arabia

509459637Analyzed
1v1 RM · 6d ago on Sep 26, 2026· 56m 57s· 2 players
Game mode
Random Map
Map size
Tiny (2 player)
Population
200
Speed
Normal
Resources
Standard
Victory
Conquest
Starting age
Dark Age
Ending age
Imperial Age
RankedLock teamsTeams togetherTeam positionsShared explorationLock speedFull tech treeHidden civsTurbo modeCheats
Victory
Defeat
🇦🇷 Japanese · Argentina
1481
+14
🇲🇽 Franks · Mexico
1444
-14
tavoo
7:02 Loom
9:14 Feudal Age
11:13 Double-Bit Axe
19:44 Castle Age
19:28 Scale Barding Armor
23:17 Forging
24:10 Husbandry
27:53 Chain Barding Armor
31:11 Ballistics
35:13 Light Cavalry
39:12 Wheelbarrow
43:18 Imperial Age
41:30 Fletching
42:01 Bow Saw
42:53 Hand Cart
44:38 Plate Barding Armor
44:50 Town Watch
45:38 Bodkin Arrow
46:43 Cavalier
48:02 Iron Casting
50:50 Chemistry
51:27 Conscription
51:44 Hoardings
50:49 Elite Skirmisher
52:31 Padded Archer Armor
56:17 Leather Archer Armor
lapoejs
4:14 Loom
5:48 Loom
11:16 Loom
13:01 Feudal Age
14:27 Double-Bit Axe
14:53 Fletching
17:00 Wheelbarrow
16:27 Town Watch
16:39 Gold Mining
16:56 Horse Collar
21:04 Castle Age
20:11 Padded Archer Armor
21:52 Thumb Ring
21:46 Bodkin Arrow
22:31 Husbandry
22:42 Bloodlines
22:57 Bloodlines
30:24 Ballistics
37:31 Imperial Age
36:39 Scale Mail Armor
36:49 Forging
38:17 Forging
38:12 Squires
38:40 Bracer
40:29 Bow Saw
44:37 Chemistry
43:19 Pikeman
47:01 Masonry
47:49 Light Cavalry
49:00 Chain Mail Armor
49:23 Heavy Plow
51:19 Conscription
51:32 Parthian Tactics
53:36 Forging
55:48 Plate Mail Armor
55:54 Iron Casting
55:25 Scale Barding Armor
Connection lost

Rejoining the realm…

Still unreachable

The connection could not be restored.

Session expired

The server has moved on; the page needs a fresh start.